 Dungeon Crawl Stone Soup version 0.17-a0-1850-g688e747 (webtiles) character file.

112 shakdrar the Shield-Bearer (level 4, -3/40 HPs)
             Began as a Minotaur Fighter on Sept 18, 2015.
             Slain by an orc wizard
             ... wielding a +0 dagger of electrocution
              (14 damage)
             ... on level 3 of the Dungeon.
             The game lasted 00:06:14 (1879 turns).

shakdrar the Shield-Bearer (Minotaur Fighter)       Turns: 1879, Time: 00:06:14

Health: -3/40      AC: 14    Str: 21    XL:     4   Next: 63%
Magic:  3/3        EV:  4    Int:  6    God:
Gold:   146        SH:  9    Dex:  9    Spells: 0 memorised, 3 levels left

rFire  . . .     SeeInvis .     i - +2 mace (holy)
rCold  . . .     Clarity  .     f - +0 plate armour
rNeg   . . .     SustAt   .     c - +0 shield
rPois  .         Gourm    .     (helmet restricted)
rElec  .         Spirit   .     w - +0 cloak
rCorr  .         Warding  .     (no gloves)
rMut   .         Stasis   .     v - +0 pair of boots
MR     .....                    (no amulet)
Stlth  ..........               (no ring)
                                (no ring)

@: not resistant to hostile enchantments, extremely unstealthy
A: retaliatory headbutt, horns 2
a: no special abilities


You were on level 3 of the Dungeon.
You were not hungry.

You visited 1 branch of the dungeon, and saw 3 of its levels.

You collected 146 gold pieces.

Inventory:

Hand weapons
 a - a +0 flail
 i - a +2 mace of holy wrath (weapon)
Armour
 b - a +0 scale mail
 c - a +0 shield (worn)
 f - a +0 plate armour (worn)
 v - a +0 pair of boots (worn)
 w - a +0 cloak (worn)
Jewellery
 n - a +2 ring of protection {unknown}
Scrolls
 j - 2 scrolls of remove curse {unknown}
 l - a scroll of noise {unknown}
 m - a scroll of enchant weapon {unknown}
 o - a scroll of fog {unknown}
 p - a scroll of teleportation {unknown}
 q - a scroll of amnesia {unknown}
 t - 2 scrolls of identify {unknown}
Potions
 d - 3 potions of might
 g - a potion of brilliance {unknown}
 r - 3 potions of flight {unknown}
 u - a potion of poison {unknown}
 x - a potion of curing {unknown}
Comestibles
 e - 3 bread rations
 h - a slice of pizza
 k - 2 meat rations
 s - 3 fruits


   Skills:
 + Level 4.2 Fighting
 * Level 4.2 Maces & Flails
 + Level 4.1 Armour
 + Level 4.7 Shields


You had 3 spell levels left.
You didn't know any spells.

Dungeon Overview and Level Annotations

Branches:
Dungeon (3/15)

Altars:
Gozag
Vehumet

Annotations:
D:3 thorn's ghost, average DrHu


Innate Abilities, Weirdness & Mutations

You reflexively headbutt those who attack you in melee.
You have a pair of horns on your head.


Message History

The puff of frost hits you! You block the orc's attack.
You sock the orc wizard! You headbutt the orc wizard.
The orc wizard is almost dead.
The orc wizard casts a spell at you. The puff of flame hits you!
The orc wizard gestures at you while chanting.
The puff of flame hits you!
* * * LOW HITPOINT WARNING * * *
The orc hits you but does no damage.
You closely miss the orc wizard.
The orc wizard is almost dead.
You block the orc wizard's attack. You block the orc's attack.
The orc wizard gestures wildly while chanting.
The orc wizard flickers and vanishes!
Deactivating autopickup; reactivate with Ctrl-A.
Your shield and plate armour prevent you from hitting something.
Your headbutt misses something. Something hits you but does no damage.
The orc barely misses you. Something hits you but does no damage.
You are electrocuted!
You die...

..# #.#
#......# #.#
#......# #.#
######## #.#
#.# #### #.#
..... ##.#####
......#......#
......o@.....#
......#{..!..#
......########
♣♣≈≈. ♣≈≈≈
≈≈≈≈ ≈


You could see an orc.

Vanquished Creatures
  3 gnolls (D:2)
  An adder (D:3)
  2 oozes
  3 worms
  A giant gecko (D:2)
  2 orcs (D:3)
  3 ball pythons
  7 bats
  2 giant cockroaches (D:2)
  9 goblins
  2 hobgoblins
  3 jackals (D:1)
  A quokka (D:3)
  7 giant newts
  4 kobolds
  7 rats
57 creatures vanquished.

Notes
Turn   | Place    | Note
--------------------------------------------------------------
     0 | D:1      | shakdrar the Minotaur Fighter began the quest for the Orb.
     0 | D:1      | Reached XP level 1. HP: 19/19 MP: 0/0
   123 | D:1      | Reached XP level 2. HP: 24/27 MP: 1/1
   515 | D:1      | Reached skill level 4 in Shields
   657 | D:2      | Reached XP level 3. HP: 31/33 MP: 2/2
   951 | D:2      | Reached XP level 4. HP: 25/40 MP: 3/3
  1035 | D:2      | Found a radiant altar of Vehumet.
  1444 | D:3      | Noticed thorn's ghost (average DrHu)
  1812 | D:3      | Found an opulent altar of Gozag.
  1879 | D:3      | Slain by an orc wizard

Vault maps used:
D:1:      minmay_arrival_doors
D:2:      nicolae_overflow_crystal_walls
D:3:      nicolae_overflow_hidden_temple, first_bread, serial_bayou_lake_a

Action                   |  1- 3 |  4- 6 || total
-------------------------+-------+-------++-------
Melee: Flail             |    39 |       ||    39
       Mace              |    63 |    60 ||   123
  Eat: Chunk             |       |     3 ||     3
